 Dungeon Crawl Stone Soup version 0.30-a0-728-gc68057be0a (webtiles) character file.

Game seed: 17990125944274780882

181395 DeathSun the Bludgeoner (level 17, -15/161 HPs)
             Began as a Minotaur Fighter on Jan 30, 2023.
             Was the Champion of the Shining One.
             Demolished by a +3 glaive of venom (28 damage)
             ... on level 1 of the Elven Halls.
             The game lasted 01:20:55 (33265 turns).

DeathSun the Bludgeoner (Minotaur Fighter)         Turns: 33265, Time: 01:20:56

Health: -15/161    AC: 21    Str: 37    XL:     17   Next: 33%
Magic:  19/27      EV: 21    Int:  9    God:    the Shining One [******]
Gold:   2526       SH:  4    Dex: 11    Spells: 16/24 levels left

rFire   . . .      SeeInvis .    s - +4 hammer of a Labyrinth {speed, Str+4 Stlth+}
rCold   + . .      Faith    +    G - +0 buckler
rNeg    + + +      Spirit   .    T - +3 plate armour {rPois}
rPois   +          Reflect  .    (helmet restricted)
rElec   .          Harm     .    f - scarf {rC+ rF+}
rCorr   +          Rampage  .    H - +0 pair of gloves
Will    ++...                    k - +1 pair of boots of Tuguudd {rF- Will+ rCorr Str+3} Stlth
                                 o - amulet of faith
HPRegen 0.46/turn                v - ring of the Hare {EV+10}
MPRegen 0.20/turn                X - +6 ring of strength

@: glowing
A: horns 2, retaliatory headbutt
}: 1/15 runes: gossamer
a: Renounce Religion, Divine Shield, Cleansing Flame, Summon Divine Warrior,
Brand Weapon With Holy Wrath


You were on level 1 of the Elven Halls.
You worshipped the Shining One.
The Shining One was exalted by your worship.
You visited 5 branches of the dungeon, and saw 25 of its levels.
You also visited: Bailey, Gauntlet and Volcano.

You collected 2918 gold pieces.
You spent 392 gold pieces at shops.

Inventory:

Hand Weapons
 c - a +0 dire flail
 s - the +4 hammer of a Labyrinth (weapon) {speed, Str+4 Stlth+}
   (You found it on level 2 of the Dungeon)

   Str:       It affects your strength (+4).
   Stlth:     It makes you more stealthy.
 R - a +1 morningstar of freezing
Missiles
 b - 2 boomerangs of dispersal
 x - 30 poisoned darts (quivered)
Armour
 f - a scarf of resistance (worn)
 k - the +1 pair of boots of Tuguudd (worn) {rF- Will+ rCorr Str+3}
   (You found it in a Gauntlet)

   Str:       It affects your strength (+3).
   rF:        It makes you vulnerable to fire.
   rCorr:     It protects you from acid and corrosion.
   Will:      It increases your willpower.
 G - a +0 buckler (worn)
 H - a +0 pair of gloves (worn)
 Q - a +2 scale mail of fire resistance
 T - a +3 plate armour of poison resistance (worn)
Jewellery
 h - a ring of protection from cold
 o - an amulet of faith (around neck)
 v - the ring of the Hare (left hand) {EV+10}
   (You found it in a Gauntlet)

   [ring of evasion]

   EV:        It affects your evasion (+10).
 D - a ring of resist corrosion
 L - a ring of fire
 X - a +6 ring of strength (right hand)
Wands
 I - a wand of paralysis (23)
 K - a wand of roots (21)
 N - a wand of light (4)
 P - a wand of digging (7)
 U - a wand of mindburst (17)
 Y - a wand of polymorph (14)
Scrolls
 e - 6 scrolls of enchant weapon
 j - 5 scrolls of enchant armour
 m - 6 scrolls of teleportation
 p - a scroll of poison
 q - 7 scrolls of fog
 t - 5 scrolls of fear
 u - 2 scrolls of brand weapon
 w - 3 scrolls of amnesia
 y - 6 scrolls of blinking
 B - 4 scrolls of vulnerability
 E - a scroll of silence
 O - 3 scrolls of immolation
 V - a scroll of butterflies
Potions
 d - 5 potions of might
 g - 2 potions of invisibility
 i - 9 potions of brilliance
 l - 5 potions of ambrosia
 n - 3 potions of cancellation {unknown}
 r - a potion of experience {unknown}
 z - 5 potions of mutation {unknown}
 A - 2 potions of berserk rage {unknown}
 C - 3 potions of curing
 F - 2 potions of magic {unknown}
 J - 3 potions of haste
 M - 4 potions of flight {unknown}
 S - 2 potions of attraction {unknown}
 W - 3 potions of resistance {unknown}
Miscellaneous
 a - a phantom mirror


   Skills:
 * Level 17.3 Fighting
 + Level 17.3 Maces & Flails
 - Level 6.0 Throwing
 - Level 10.0 Armour
 - Level 8.0 Dodging
 - Level 3.6 Shields
 - Level 4.0 Spellcasting
 * Level 9.1 Transmutations
 * Level 9.2 Earth Magic
 * Level 15.1 Invocations


You had 16 spell levels left.
You knew the following spells:

 Your Spells              Type           Power      Damage    Failure   Level
a - Statue Form           Tmut/Erth      12%        N/A       100%        6
b - Passwall              Tmut/Erth      15%        N/A       7%          2

Your spell library contained the following spells:

 Spells                   Type           Power      Damage    Failure   Level
 Beastly Appendage        Tmut           36%        N/A       4%          1
 Wereblood                Tmut           18%        N/A       7%          2
 Sting                    Tmut/Pois      36%        1d4       28%         1
 Petrify                  Tmut/Erth      18%        N/A       41%         4
 Stone Arrow              Conj/Erth      20%        3d8       63%         3
 Spider Form              Tmut/Pois      9%         N/A       65%         3
 Magic Dart               Conj           4%         1d3       88%         1
 Call Imp                 Summ           1%         N/A       95%         2
 Ensorcelled Hibernation  Hex/Ice        2%         N/A       95%         2
 Poisonous Vapours        Pois/Air       2%         N/A       95%         2
 Scorch                   Fire           2%         2d5       95%         2
 Searing Ray              Conj           2%         2d4       95%         2
 Animate Armour           Summ/Erth      20%        N/A       95%         4
 Ice Form                 Ice/Tmut       9%         N/A       96%         4
 Frozen Ramparts          Ice            2%         1d1       99%         3
 Inner Flame              Hex/Fire       1%         N/A       99%         3
 Mephitic Cloud           Conj/Pois/Air  1%         N/A       99%         3
 Ozocubu's Armour         Ice            1%         N/A       99%         3
 Swiftness                Air            1%         N/A       99%         3
 Tukima's Dance           Hex            1%         N/A       99%         3
 Airstrike                Air            0%         2d(1-17)  100%        4
 Flame Wave               Conj/Fire      1%         2d4       100%        4
 Fulminant Prism          Conj/Hex       0%         3d5       100%        4
 Olgreb's Toxic Radiance  Pois           1%         N/A       100%        4
 Passage of Golubria      Tloc           1%         N/A       100%        4
 Sticky Flame             Conj/Fire      1%         2d3       100%        4
 Summon Ice Beast         Ice/Summ       1%         N/A       100%        4
 Summon Lightning Spire   Summ/Air       1%         N/A       100%        4
 Lightning Bolt           Conj/Air       0%         1d11      100%        5
 Metabolic Englaciation   Hex/Ice        0%         N/A       100%        5
 Yara's Violent Unravell  Hex/Tmut       4%         3d4       100%        5
 Summon Cactus Giant      Summ           0%         N/A       100%        6
 Ozocubu's Refrigeration  Ice            0%         4d7       100%        7
 Lehudib's Crystal Spear  Conj/Erth      5%         10d3      100%        8


Dungeon Overview and Level Annotations

Branches:
Dungeon (13/15)            Temple (0/1) D:5            Lair (5/5) D:8
  Swamp (0/4) Lair:3       Spider (4/4) Lair:2        Slime (0/5) Lair:4
    Orc (2/2) D:11            Elf (1/3) Orc:2        Bailey (visited)
Volcano (visited)         Gauntlet (visited)
 Vaults: D:13-14

Altars:
Ashenzari
Cheibriados
Dithmenos
Elyvilon
Fedhas
Gozag
Hepliaklqana
Makhleb
Nemelex Xobeh
Qazlal
Uskayaw
Vehumet
Xom
Yredelemnul
Zin
The Shining One
Lugonu

Shops:
D:8 *   D:11 !   Orc:2 ?(*:   Elf:1 *

Portals:
Abyss: Lair:5

Annotations:
D:9 exclusion: orange crystal statue


Innate Abilities, Weirdness & Mutations

You have a pair of horns on your head.
You reflexively headbutt those who attack you in melee.


Message History

You closely miss the deep elf zephyrmancer.
The deep elf zephyrmancer is almost dead.
Unknown command.
You hit the deep elf zephyrmancer.
The deep elf zephyrmancer is almost dead.
The deep elf zephyrmancer points at you and mumbles some strange words.
The bolt of lightning misses you.
The bolt of lightning hits the +1 short sword of flaming.
The +1 short sword of flaming completely resists.
You are momentarily dazzled by a brilliant light.
The +1 short sword of flaming barely misses you.
You furiously retaliate!
You headbutt the +1 short sword of flaming!
The +3 glaive of venom hits you from afar!!
* * * LOW HITPOINT WARNING * * *
The deep elf zephyrmancer gestures wildly while chanting.
The deep elf zephyrmancer blinks!
The +1 short sword of flaming hits you.
* * * LOW HITPOINT WARNING * * *
The +1 short sword of flaming burns you.
* * * LOW HITPOINT WARNING * * *
The +1 short sword of flaming hits you.
* * * LOW HITPOINT WARNING * * *
The +1 short sword of flaming burns you.
* * * LOW HITPOINT WARNING * * *
You see here a +0 short sword.
You hit the +1 short sword of flaming.
You headbutt the +1 short sword of flaming.
The +1 short sword of flaming is severely damaged.
The +1 short sword of flaming completely misses you.
The +3 glaive of venom hits you from afar!!
* * * LOW HITPOINT WARNING * * *
You are lethally poisoned!
Your angel hits the +1 short sword of flaming with a +2 sacred scourge of holy wrath!
The +1 short sword of flaming falls from the air.
You feel better.
The deep elf zephyrmancer casts a spell.
The deep elf zephyrmancer blinks!
The +3 glaive of venom hits you from afar!!
You die...

#...
.'...'.).....'.
.... #.......# ..#
#.).....#
#######)#...#'#
##...#(######
##....)##
##.......##
#.........#######.
+...e.@)..'.....'.
#......A..#######.
##....(..##
##.....## ##...#'
##'###ยง...
#.##..... #.#
..... ###'# ......


You could see a deep elf zephyrmancer, a +3 glaive of venom (ally target) and a
friendly angel (summoned).

Vanquished Creatures
  Arachne (Spider:4)
  6 emperor scorpions
  3 ghost moths
  A deep elf sorcerer (Elf:1)
  A broodmother (Spider:2)
  The ghost of Decipherer the Bludgeoner, a journeyman MiBe of Trog (Orc:2)
  An orc warlord (Orc:2)
  A spark wasp (Spider:1)
  An ettin (Orc:2)
  Fannar (Lair:1)
  2 vault guards (Bailey)
  5 entropy weavers
  10 hydras
  3 radroaches
  A ghost crab (Gauntlet)
  A jorogumo (Spider:4)
  5 two-headed ogres
  A centaur warrior (D:12)
  2 catoblepae
  5 boulder beetles
  Erica (D:8)
  4 dancing weapons
  Urug (D:11)
  4 deep elf knights
  An orc high priest (Orc:2)
  2 thrashing horrors (Lair:5)
  3 sun moths (Spider:2)
  6 pharaoh ants
  4 large abominations (Lair:5)
  5 orb spiders
  5 deep elf archers (Elf:1)
  6 steelbarb worms
  Pikel (D:4)
  3 deep elf zephyrmancers (Elf:1)
  3 orc knights (Orc:2)
  2 deep elf pyromancers
  3 ugly things
  4 orc sorcerers
  20 wolf spiders
  A salamander (shapeshifter) (Elf:1)
  A cyclops (Orc:2)
  A moth of wrath (Spider:3)
  A black mamba (Lair:5)
  Joseph (D:9)
  15 elephants
  3 demonic crawlers
  6 torpor snails
  A gargoyle (D:11)
  An unseen horror (D:10)
  7 cane toads
  3 smoke demons
  9 komodo dragons
  A kobold demonologist (D:10)
  3 rime drakes
  An ancient zyme (Lair:5)
  A polar bear (shapeshifter) (Lair:5)
  4 trolls
  4 polar bears
  9 saltlings (Orc:2)
  18 blink frogs
  25 tarantellas
  Prince Ribbit (Bailey)
  19 dream sheep (Lair:5)
  22 jumping spiders
  15 culicivoras
  4 slime creatures
  4 shadows
  2 spriggans (Lair:5)
  3 wraiths (D:11)
  2 water elementals (Elf:1)
  2 vampires
  9 basilisks
  6 wyverns
  39 yaks
  4 ynoxinuls (Lair:5)
  5 humans (Bailey)
  3 chaos spawn (Lair:5)
  5 steam dragons
  62 redbacks
  Menkaure (D:4)
  2 swamp worms (Lair:3)
  4 wargs
  3 acid dragons
  7 water moccasins
  4 hell hounds (Volcano)
  Duvessa (D:4)
  2 black bears
  19 orc warriors
  A sky beast (D:7)
  21 wolves
  7 centaurs
  3 ogres
  A phantom (D:7)
  2 lemures (D:4)
  3 kobold brigands
  25 bullfrogs
  7 scorpions
  3 gnoll sergeants
  An earth elemental (Elf:1)
  3 necrophages
  Dowan (D:4)
  8 howler monkeys
  2 electric eels (Lair:1)
  12 small abominations (Lair:5)
  Crazy Yiuf (D:2)
  5 hounds
  2 jellies (D:5)
  A gnoll bouda (D:5)
  13 orc priests
  4 iguanas
  24 orc wizards
  7 hell rats (Lair:4)
  24 gnolls
  5 adders
  A white imp (D:7)
  An ufetubus (D:5)
  2 worms
  5 dart slugs
  74 orcs
  4 endoplasms (D:1)
  4 giant cockroaches
  36 goblins
  23 hobgoblins
  3 jackals (D:2)
  25 kobolds
  4 quokkas
  7 ball pythons
  12 bats
  4 frilled lizards
  3 rats
890 creatures vanquished.

Vanquished Creatures (collateral kills)
  A ghost moth (Spider:4)
  Louise (Spider:4)
  2 emperor scorpions (Spider:4)
  A broodmother (Spider:2)
  A spark wasp (Spider:4)
  A minotaur (Gauntlet)
  An entropy weaver (Spider:4)
  A fire dragon (Volcano)
  A hydra (Lair:5)
  A jorogumo (Spider:3)
  2 radroaches
  A dancing weapon (Elf:1)
  2 pharaoh ants
  7 orb spiders
  3 lindwurms (Volcano)
  2 steelbarb worms
  2 wolf spiders (Spider:3)
  A moth of wrath (Spider:4)
  3 elephants (Lair:5)
  A smoke demon (Volcano)
  4 demonic crawlers
  A cane toad (Lair:5)
  A rime drake (Lair:5)
  2 komodo dragons (Lair:5)
  9 tarantellas
  5 jumping spiders
  7 culicivoras
  2 yaks (Lair:5)
  16 redbacks
  A hell hound (Volcano)
  2 wolves (Lair:5)
85 creatures vanquished.

Vanquished Creatures (others)
  4 demonic plants (Gauntlet)
  20 fungi
  2 pillars of salt (Orc:2)
  27 plants
53 creatures vanquished.

Grand Total: 1028 creatures vanquished

Notes
Turn   | Place    | Note
-------+----------+-------------------------------------------
     0 | D:1      | DeathSun the Minotaur Fighter began the quest for the Orb.
     0 | D:1      | Reached XP level 1. HP: 19/19 MP: 0/0
     9 | D:1      | Prayed at the altar of an unknown god.
     9 | D:1      | Became a worshipper of the Shining One
     9 | D:1      | Reached * piety under the Shining One
   128 | D:1      | Reached XP level 2. HP: 26/26 MP: 1/1
   337 | D:1      | Reached skill level 1 in Invocations
   796 | D:2      | Reached XP level 3. HP: 29/31 MP: 2/2
  1516 | D:2      | Found a runed translucent door.
  1517 | D:2      | Noticed Crazy Yiuf
  1523 | D:2      | Killed Crazy Yiuf
  1524 | D:2      | Reached XP level 4. HP: 24/39 MP: 4/4
  1531 | D:2      | Identified the +4 hammer of a Labyrinth {speed, Str+4
                  | Stlth+}
  1533 | D:2      | Identified the +5 hammer "Pimitill" {venom, *Slow Fly
                  | Dex+4}
  1660 | D:3      | Reached skill level 5 in Maces & Flails
  1674 | D:3      | Reached ** piety under the Shining One
  1679 | D:3      | Reached XP level 5. HP: 36/45 MP: 5/5
  2025 | D:3      | You fall into a shaft and drop 1 floor!
  2421 | D:4      | Noticed Menkaure
  2424 | D:4      | Noticed Duvessa
  2425 | D:4      | Killed Menkaure
  2426 | D:4      | Reached skill level 1 in Throwing
  2426 | D:4      | Reached XP level 6. HP: 34/52 MP: 7/7
  2432 | D:4      | Noticed Dowan
  2434 | D:4      | Killed Duvessa
  2446 | D:4      | Killed Dowan
  2573 | D:4      | Noticed Pikel
  2586 | D:4      | Killed Pikel
  2587 | D:4      | Reached XP level 7. HP: 56/60 MP: 7/9
  2755 | D:4      | Reached skill level 5 in Fighting
  2880 | D:4      | Reached XP level 8. HP: 67/68 MP: 10/10
  3217 | D:5      | Entered Level 5 of the Dungeon
  3218 | D:5      | Found a staircase to the Ecumenical Temple.
  3731 | D:5      | Reached skill level 5 in Throwing
  4731 | D:6      | Reached skill level 5 in Invocations
  5134 | D:6      | Reached XP level 9. HP: 64/75 MP: 11/11
  5819 | D:7      | Found a flagged portal.
  5828 | Bailey   | Entered a bailey
  5852 | Bailey   | Reached skill level 10 in Maces & Flails
  5949 | Bailey   | Reached *** piety under the Shining One
  6159 | Bailey   | Noticed a vault guard
  6159 | Bailey   | Noticed Prince Ribbit
  6174 | Bailey   | Killed a vault guard
  6175 | Bailey   | Reached XP level 10. HP: 46/88 MP: 9/14
  6175 | Bailey   | Killed Prince Ribbit
  6330 | Bailey   | Noticed a vault guard
  6346 | Bailey   | Killed a vault guard
  6989 | D:8      | Noticed Erica
  7001 | D:8      | Killed Erica
  7216 | D:8      | Noticed a two-headed ogre
  7224 | D:8      | Killed a two-headed ogre
  7634 | D:8      | Found Zuunwufo's Changing Room.
  7744 | D:8      | Found a staircase to the Lair.
  8183 | D:9      | Reached XP level 11. HP: 89/94 MP: 17/17
  8276 | D:9      | Found a shadowy altar of Dithmenos.
  8307 | D:9      | Noticed a boulder beetle
  8795 | D:9      | Found a sparkling altar of Nemelex Xobeh.
  8853 | D:9      | Killed a boulder beetle
  8854 | D:9      | Reached skill level 10 in Invocations
  9109 | D:9      | Noticed an orange crystal statue
  9636 | D:9      | Noticed Joseph
  9648 | D:9      | Killed Joseph
  9914 | D:10     | Entered Level 10 of the Dungeon
 10011 | D:10     | Found a glowing golden altar of the Shining One.
 10342 | D:10     | Found a hazy altar of Hepliaklqana.
 10342 | D:10     | Found a glowing silver altar of Zin.
 10343 | D:10     | Found a burning altar of Makhleb.
 10348 | D:10     | Found a hide-covered altar of Uskayaw.
 10349 | D:10     | Found a broken altar of Ashenzari.
 10351 | D:10     | Found a white marble altar of Elyvilon.
 10351 | D:10     | Found a basalt altar of Yredelemnul.
 10352 | D:10     | Found a radiant altar of Vehumet.
 10354 | D:10     | Found an opulent altar of Gozag.
 10358 | D:10     | Found a stormy altar of Qazlal.
 10359 | D:10     | Found a blossoming altar of Fedhas.
 10650 | D:10     | Reached skill level 5 in Armour
 10651 | D:10     | Noticed a two-headed ogre
 10660 | D:10     | Killed a two-headed ogre
 10784 | D:11     | Reached **** piety under the Shining One
 10817 | D:11     | Noticed a two-headed ogre
 10828 | D:11     | Killed a two-headed ogre
 11102 | D:11     | Noticed Urug
 11112 | D:11     | Killed Urug
 11222 | D:11     | Found a staircase to the Orcish Mines.
 11366 | D:11     | Noticed a boulder beetle
 11405 | D:11     | Killed a boulder beetle
 11406 | D:11     | Reached XP level 12. HP: 19/106 MP: 14/19
 11673 | D:11     | Found Pedgh's Distillery.
 11678 | D:11     | Bought a potion of haste for 140 gold pieces
 11799 | D:11     | Reached skill level 15 in Maces & Flails
 12340 | D:12     | Reached skill level 10 in Fighting
 12432 | D:12     | Noticed a two-headed ogre
 12442 | D:12     | Killed a two-headed ogre
 12798 | D:12     | Noticed a centaur warrior
 12811 | D:12     | Killed a centaur warrior
 12894 | D:12     | Found a snail-covered altar of Cheibriados.
 12944 | D:13     | Noticed a seven-headed hydra
 12949 | D:13     | Killed a seven-headed hydra
 13251 | D:13     | Noticed a centaur warrior
 13259 | D:13     | Noticed a death knight
 13548 | Lair:1   | Entered Level 1 of the Lair of Beasts
 13791 | Lair:1   | Noticed Fannar
 13804 | Lair:1   | Killed Fannar
 15013 | Lair:2   | Found a hole to the Spider Nest.
 15061 | Lair:2   | Found a gate leading to a gauntlet.
 15070 | Gauntlet | Entered a Gauntlet
 15070 | Gauntlet | Found a transporter.
 15082 | Gauntlet | Found a transporter.
 15084 | Gauntlet | Found a transporter.
 15089 | Gauntlet | Found a runed translucent door.
 15089 | Gauntlet | Found a runed translucent door.
 15089 | Gauntlet | Noticed a tengu warrior
 15094 | Gauntlet | Found a transporter.
 15097 | Gauntlet | Found a transporter.
 15107 | Gauntlet | Found a transporter.
 15107 | Gauntlet | Found the +11 plutonium sword {Contam Stlth-}
 15123 | Gauntlet | Found a transporter.
 15123 | Gauntlet | Noticed a dire elephant
 15133 | Gauntlet | Found a runed translucent gate.
 15134 | Gauntlet | Found a transporter.
 15134 | Gauntlet | Found a runed translucent gate.
 15134 | Gauntlet | Noticed a ghost crab
 15135 | Gauntlet | Found a runed translucent gate.
 15147 | Gauntlet | Found a transporter.
 15150 | Gauntlet | Found a transporter.
 15159 | Gauntlet | Found a transporter.
 15207 | Gauntlet | Found a transporter.
 15207 | Gauntlet | Noticed a quicksilver ooze
 15221 | Gauntlet | Found a transporter.
 15234 | Gauntlet | Found the ring of the Hare {EV+10}
 15235 | Gauntlet | Found a transporter.
 15490 | Gauntlet | Reached XP level 13. HP: 115/117 MP: 21/21
 15534 | Gauntlet | Identified the +1 pair of boots of Tuguudd {rF- Will+ rCorr
                  | Str+3}
 15586 | Gauntlet | Noticed a minotaur
 15586 | Gauntlet | Reached ***** piety under the Shining One
 15591 | Gauntlet | Killed a minotaur
 15770 | Lair:2   | Learned a level 6 spell: Statue Form
 15773 | Lair:2   | Learned a level 2 spell: Passwall
 15888 | Lair:2   | Reached skill level 1 in Transmutations
 15888 | Lair:2   | Reached skill level 1 in Earth Magic
 16975 | Lair:3   | Reached skill level 1 in Spellcasting
 17851 | Lair:3   | Reached skill level 1 in Dodging
 18346 | Lair:3   | Found a staircase to the Swamp.
 18517 | Lair:4   | Found a staircase to the Slime Pits.
 18987 | Lair:4   | Reached XP level 14. HP: 129/129 MP: 23/23
 19129 | Lair:4   | You fall into a shaft and drop 1 floor!
 19129 | Lair:5   | Entered Level 5 of the Lair of Beasts
 19974 | Lair:5   | Reached skill level 5 in Dodging
 20234 | Lair:5   | Reached ****** piety under the Shining One
 20279 | Lair:5   | Reached skill level 5 in Earth Magic
 20815 | Lair:5   | Reached skill level 5 in Transmutations
 21089 | Lair:5   | Found a corrupted altar of Lugonu.
 21089 | Lair:5   | Found a one-way gate to the infinite horrors of the Abyss.
 21572 | Spider:1 | Entered Level 1 of the Spider Nest
 22229 | Spider:1 | Reached XP level 15. HP: 130/139 MP: 24/24
 24227 | Spider:2 | Reached skill level 15 in Fighting
 25049 | Spider:2 | Noticed an emperor scorpion
 25061 | Spider:2 | Killed an emperor scorpion
 25279 | Spider:2 | Identified the +2 robe of Prudence {Str+3}
 25819 | Spider:3 | Identified the +0 tower shield of Lugonu's Grace {Slay+4}
 26372 | Spider:3 | Reached XP level 16. HP: 122/149 MP: 25/25
 26379 | Spider:3 | Reached skill level 10 in Armour
 27244 | Spider:4 | Entered Level 4 of the Spider Nest
 27484 | Spider:4 | Noticed Arachne
 27497 | Spider:4 | Killed Arachne
 27917 | Spider:4 | Noticed Louise
 27959 | Spider:4 | Killed Louise
 28717 | Spider:3 | HP: 6/152 [ghost moth (11)]
 29921 | Spider:4 | Got a gossamer rune of Zot
 30384 | Orc:1    | Entered Level 1 of the Orcish Mines
 30902 | Orc:2    | Entered Level 2 of the Orcish Mines
 30947 | Orc:2    | Found a runed translucent door.
 30947 | Orc:2    | Found a shimmering altar of Xom.
 30947 | Orc:2    | Noticed Decipherer's ghost (journeyman MiBe)
 30947 | Orc:2    | Identified the +0 battleaxe of Tumult {chaos, rElec rF-
                  | Int+3}
 30972 | Orc:2    | Found a dark tunnel.
 31018 | Volcano  | Entered a volcano
 31553 | Orc:2    | Found a staircase to the Elven Halls.
 31681 | Orc:2    | Reached XP level 17. HP: 160/160 MP: 27/27
 31854 | Orc:2    | Found Jan Byta's Magic Scroll Emporium.
 31865 | Orc:2    | Bought a scroll of teleportation for 42 gold pieces
 31865 | Orc:2    | Bought 2 scrolls of blinking for 210 gold pieces
 31878 | Orc:2    | Found Ynoggat's Assorted Antiques.
 31992 | Orc:2    | Found Nuqerun's Antique Weapon Shop.
 32214 | Orc:2    | Found Difriv's Book Boutique.
 32347 | Orc:2    | Killed Decipherer's ghost
 32505 | Elf:1    | Entered Level 1 of the Elven Halls
 32514 | Elf:1    | Reached skill level 15 in Invocations
 32572 | Elf:1    | Found a radiant altar of Vehumet.
 33125 | Elf:1    | Found Epelioba's Assorted Antiques.
 33264 | Elf:1    | HP: 7/161 [+3 glaive of venom (19)]
 33265 | Elf:1    | Demolished by a +3 glaive of venom

Illustrated notes

Levels and vault maps discovered:
D:1:      dpeg_arrival_connections, layout_basic, ebering_ecumenical_altar_webs
D:2:      layout_loops_ring, uniq_crazy_yiuf_cottage
D:3:      layout_basic, minmay_joined_circles
D:4:      layout_basic, uniq_duvessa, uniq_menkaure, uniq_pikel
D:5:      minmay_goblin_kobold_castle, layout_basic, minmay_temple_entry_glass
D:6:      layout_layer_cave
D:7:      layout_rooms, enter_bailey_8, chequers_serial_rivers_micro_c
D:8:      layout_basic, grunt_lair_entry_orc_guard_hut, serial_bayou_pond_e,
          nicolae_transmutations_shop, uniq_erica
D:9:      layout_loops_corners, mainiacjoe_overflow_catwalk, kennysheep_mini,
          minivault_16, minmay_between, uniq_joseph
D:10:     layout_roguey, amcnicky_altar_gilded,
          nicolae_overflow_hallway_of_the_gods, grunt_ministairs_9,
          hangedman_decor_clover_reticule
D:11:     layout_basic, david_orc_2, serial_shops, nicolae_shop_hallway_plus,
          uniq_urug
D:12:     layout_rooms, kennysheep_slug_shrine
D:13:     layout_grid_maze, david_vaults_5, solitary_fountain
Lair:1:   layout_gridlike, lemuel_fruit_fields, uniq_fannar
Lair:2:   layout_cave_pods, nicolae_spider_entry_lesser_pyramids,
          gauntlet_entry_generic, serial_bayou_shore_b
Lair:3:   layout_cellular_growth, palyth_hydra_swamp_entry, lemuel_fruit_tree,
          infiniplex_staircase_pool
Lair:4:   layout_roguey, slime_entry_1
Lair:5:   hellmonk_lair_end_abyssal_woods, layout_cave_pods
Spider:1: layout_chambers
Spider:2: layout_chambers, hellmonk_motheaten_closet,
          hangedman_spider_tarantella_strand
Spider:3: layout_spider_delve, nicolae_spider_nook
Spider:4: grunt_spider_rune_circles, uniq_louise, uniq_arachne
Orc:1:    layout_caves
Orc:2:    hellmonk_orc_salted, layout_diamond_mine, ebering_ghost_xom,
          nicolae_volcano_entry_two_sided
Elf:1:    eino_elf_arrival_altar, layout_geoelf_octagon, serial_shops,
          nicolae_shop_behind_doors, hangedman_elven_crosses_minicolossus,
          uniq_agnes

Skill      XL: |  1  2  3  4  5  6  7  8  9 10 11 12 13 14 15 16 17 |
---------------+----------------------------------------------------+-----
Maces & Flails | 3 4 5 6 7 9 11 13 14 16 17 | 17.3
Invocations    | 1 2 3 4 5 7 9 11 12 13 14 15 | 15.1
Throwing       | 1 3 4 5 6 |  6.0
Fighting       | 4 5 6 8 9 11 13 14 15 16 17 | 17.3
Armour         | 6 8 9 10 | 10.0
Transmutations | 3 5 7 8 9 |  9.1
Earth Magic    | 3 5 7 8 9 |  9.2
Spellcasting   | 1 3 4 |  4.0
Dodging        | 3 6 8 |  8.0
Shields        | |  3.6

Action                     |  1- 3 |  4- 6 |  7- 9 | 10-12 | 13-15 | 16-18 || total
---------------------------+-------+-------+-------+-------+-------+-------++-------
  Melee: Flail             |    64 |       |       |       |       |       ||    64
         Headbutt          |     9 |    20 |    66 |   197 |   404 |   231 ||   927
         Mace              |       |    75 |   313 |   647 |  1203 |   699 ||  2937
  Throw: Dart              |       |     2 |       |    31 |     4 |    11 ||    48
 Invoke: Divine Shield     |       |       |     2 |     1 |       |     2 ||     5
         Cleansing Flame   |       |       |       |     5 |     3 |     5 ||    13
         Summon Divine War |       |       |       |       |     5 |     9 ||    14
    Use: Potion            |       |       |     2 |     3 |     3 |     7 ||    15
         Scroll            |       |       |     1 |    14 |     6 |     6 ||    27
 Armour: Scale mail        |    16 |    19 |     7 |       |   232 |   118 ||   392
         Chain mail        |       |       |   113 |   116 |     3 |       ||   232
         Plate armour      |       |       |       |       |       |    26 ||    26
  Dodge: Dodged            |    26 |    15 |   112 |   169 |   805 |   502 ||  1629
  Block: Buckler           |    10 |    11 |    74 |   110 |   171 |   126 ||   502

Table legend: (Time is in decaauts)
 A = Elapsed time spent in this place.
 B = Non-inter-level travel time spent in this place.
 C = Inter-level travel time spent in this place.
 D = Time resting spent in this place.
 E = Time spent auto-exploring this place.
 F = Levels seen in this place.
 G = Mean time per level.
                   A        B        C        D        E       F      G
               +--------+--------+--------+--------+--------+-----+--------+
         Total |  31792 |  30463 |   1329 |      0 |  24559 |  28 | 1135.4 |
       Dungeon |  12840 |  12173 |    667 |      0 |  10333 |  13 |  987.7 |
          Lair |   6932 |   6437 |    495 |      0 |   5213 |   5 | 1386.4 |
   Spider Nest |   8255 |   8154 |    101 |      0 |   6612 |   4 | 2063.8 |
  Orcish Mines |   1743 |   1678 |     65 |      0 |   1315 |   2 |  871.5 |
   Elven Halls |    509 |    509 |      0 |      0 |    329 |   1 |  509.0 |
        Bailey |    618 |    618 |      0 |      0 |    478 |   1 |  618.0 |
       Volcano |    294 |    294 |      0 |      0 |    110 |   1 |  294.0 |
      Gauntlet |    598 |    598 |      0 |      0 |    168 |   1 |  598.0 |
               +--------+--------+--------+--------+--------+-----+--------+

Top non-repeatable levels by time:
Spider:2: 2523 daAuts
Spider:3: 2142 daAuts
  Lair:5: 1901 daAuts
Spider:4: 1803 daAuts
Spider:1: 1785 daAuts
     D:8: 1675 daAuts
     D:5: 1604 daAuts
  Lair:2: 1537 daAuts
    D:11: 1514 daAuts
  Lair:3: 1401 daAuts
   Orc:2: 1365 daAuts
     D:9: 1325 daAuts
  Lair:1: 1193 daAuts
    D:12: 1012 daAuts
     D:4: 955 daAuts
